 Dungeon Crawl Stone Soup version 0.16.1-5-gaa23807 (webtiles) character file.

193 vatarom the Poker (level 5, 0/41 HPs)
             Began as a Merfolk Abyssal Knight on Mar 28, 2015.
             Was a Priest of Lugonu.
             Slain by an orc wizard
             ... wielding a +0 dagger
              (4 damage)
             ... on level 4 of the Dungeon.
             The game lasted 00:05:36 (3402 turns).

vatarom the Poker (Merfolk Abyssal Knight)          Turns: 3402, Time: 00:05:36

Health: 0/41       AC:  4    Str: 12    XL:     5   Next: 72%
Magic:  5/9        EV: 12    Int: 12    God:    Lugonu [***...]
Gold:   167        SH:  0    Dex: 14    Spells: 0 memorised, 4 levels left

rFire  . . .     SeeInvis .     a - +1 spear
rCold  . . .     Clarity  .     b - +1 leather armour
rNeg   . . .     SustAb   .     (no shield)
rPois  .         Gourm    .     (no helmet)
rElec  .         Spirit   .     (no cloak)
rCorr  .         Warding  .     (no gloves)
rMut   .         Stasis   .     (no boots)
MR     .....                    (no amulet)
Stlth  +.........               (no ring)
                                (no ring)

@: not resistant to hostile enchantments, very unstealthy
A: change form in water, swift swim
a: Depart the Abyss, Bend Space, Banish, Renounce Religion


You were on level 4 of the Dungeon.
You worshipped Lugonu.
Lugonu was most pleased with you.
You were not hungry.

You visited 1 branch of the dungeon, and saw 4 of its levels.
You visited the Abyss 1 time.

You collected 167 gold pieces.

Inventory:

Hand weapons
 a - a +1 spear (weapon)
Armour
 b - a +1 leather armour (worn)
Magical devices
 l - a wand of disintegration (8)
Scrolls
 e - 5 scrolls of identify
 h - 4 scrolls of teleportation
 k - a scroll of enchant weapon {unknown}
 o - a scroll of amnesia {unknown}
Potions
 d - 2 potions of curing
 m - a potion of heal wounds
 n - a potion of ambrosia {unknown}
Comestibles
 c - 2 bread rations
 f - 2 meat rations
 g - 2 slices of pizza
 i - 3 fruits
 j - 2 beef jerkies


   Skills:
 - Level 3.2 Fighting
 + Level 6.1 Polearms
 - Level 0.6 Armour
 - Level 2.6 Dodging
 + Level 4.6 Invocations


You had 4 spell levels left.
You didn't know any spells.

Dungeon Overview and Level Annotations

Branches:
Dungeon (4/15)
 Temple: D:4-7

Altars:
Kikubaaqudgha
Nemelex Xobeh
Trog


Message History

You kill the orc!
Lugonu accepts your kill.
The orc wizard points at you and mumbles some strange words.
The magic dart hits you! The orc hits you with a whip.
* * * LOW HITPOINT WARNING * * *
You are too injured to fight recklessly!
You are too injured to fight recklessly!
The orc wizard gestures at you while chanting.
The magic dart hits you!
* * * LOW HITPOINT WARNING * * *
You see here an orc corpse.
You don't know any spells.
You don't know any spells.
Unknown command.
Use which ability? (? or * to list)
Press: ? - help, Shift-Dir - straight line, f - orc wizard
Aim: an orc wizard, wielding a dagger and wearing a robe (chance 73%)
The orc wizard struggles to resist.
You feel quite a bit more hungry. The orc wizard hits you with a dagger.
You die...

###.#####.# #.#.#
....#...#.####.#.###
###................#
#.#.##########.#.#
#.#............#.#
#.#..#########.#.#
#.#..#.......[o#.#
#.#..#.......#o#.#
#.#..#######.#@#.#
#.#.....# #.#.#.#
.#####.# #.#.#. ###
###.. #.# +.# ###


You could see an orc wizard and an orc.

Vanquished Creatures
  7 adders
  3 worms
  2 giant geckos
  2 orcs (D:4)
  10 hobgoblins
  7 jackals
  9 bats
  2 giant cockroaches (D:2)
  A giant newt (D:2)
  9 goblins
  4 kobolds
  2 quokkas
  12 rats
70 creatures vanquished.

Vanquished Creatures (others)
  2 worker ants
2 creatures vanquished.

Grand Total: 72 creatures vanquished

Notes
Turn   | Place    | Note
--------------------------------------------------------------
     0 | Abyss:1  | vatarom, the Merfolk Abyssal Knight, began the quest for the Orb.
     0 | Abyss:1  | Reached XP level 1. HP: 18/18 MP: 1/1
    46 | D:1      | Escaped the Abyss
   268 | D:1      | Reached XP level 2. HP: 20/24 MP: 2/2
   559 | D:1      | Acquired Lugonu's second power
   622 | D:1      | Reached skill level 4 in Polearms
   662 | D:1      | Found a sparkling altar of Nemelex Xobeh.
   977 | D:1      | Reached XP level 3. HP: 29/29 MP: 4/4
  1127 | D:2      | Found an ancient bone altar of Kikubaaqudgha.
  1234 | D:2      | Found a bloodstained altar of Trog.
  1407 | D:2      | Reached XP level 4. HP: 35/35 MP: 7/7
  1519 | D:2      | Acquired Lugonu's third power
  1743 | D:3      | Reached skill level 5 in Polearms
  2161 | D:3      | Reached XP level 5. HP: 14/41 MP: 9/9
  3063 | D:4      | Reached skill level 6 in Polearms
  3402 | D:4      | Slain by an orc wizard

Action                   |  1- 3 |  4- 6 || total
-------------------------+-------+-------++-------
Melee: Spear             |   139 |   168 ||   307
Invok: Banish            |       |     3 ||     3
  Use: Scroll            |     4 |     2 ||     6
       Potion            |     1 |     1 ||     2
 Stab: Sleeping          |     2 |       ||     2
  Eat: Bread ration      |     1 |     1 ||     2
